 Dungeon Crawl Stone Soup version 0.29-a0-830-gcb12804 (webtiles) character file.

Game seed: 3805228707262256084

36 GeorgeSoros the Chiller (level 3, 0/24 HPs)
             Began as a Demonspawn Ice Elementalist on July 11, 2022.
             Succumbed to an adder's poison
             ... on level 1 of the Dungeon.
             The game lasted 00:04:13 (1089 turns).

GeorgeSoros the Chiller (DsIE)                      Turns: 1089, Time: 00:04:13

Health: 0/24       AC:  2    Str:  8    XL:     3   Next: 19%
Magic:  6/6        EV: 12    Int: 18    God:
Gold:   61         SH:  0    Dex: 13    Spells: 2/6 levels left

rFire   . . .      SeeInvis .   d - +0 dagger
rCold   . . .      Faith    .   (no shield)
rNeg    . . .      Spirit   .   a - +0 robe
rPois   .          Reflect  .   (no helmet)
rElec   .          Harm     .   (no cloak)
rCorr   .          Rampage  .   (no gloves)
Will    .....                   (no boots)
Stlth   ++........              c - amulet of magic regeneration
HPRegen 0.08/turn               (no ring)
MPRegen 0.50/turn               (no ring)

@: brilliant, lethally poisoned (0 -> -5), hasted, very quick
A: powered by death 1
a: no special abilities


You were on level 1 of the Dungeon.
You visited 1 branch of the dungeon, and saw 2 of its levels.

You collected 61 gold pieces.

Inventory:

Hand Weapons
 d - a +0 dagger (weapon)
Armour
 a - a +0 robe (worn)
Jewellery
 c - an amulet of magic regeneration (around neck)
 e - a ring of fire
Potions
 b - a potion of magic


   Skills:
 + Level 0.1 Armour
 - Level 1.7 Dodging
 - Level 1.7 Stealth
 - Level 2.0 Spellcasting
 + Level 4.6 Ice Magic


You had 2 spell levels left.
You knew the following spells:

 Your Spells              Type           Power      Damage    Failure   Level
a - Freeze                Ice            100%       1d11      2%          1
b - Frozen Ramparts       Ice            54%        1d7       9%          3

Your spell library contained the following spells:

 Spells                   Type           Power      Damage    Failure   Level
 Ozocubu's Armour         Ice            27%        N/A       9%          3
 Hailstorm                Conj/Ice       15%        3d5       56%         4


Dungeon Overview and Level Annotations

Branches:
Dungeon (2/15)

Altars:


Innate Abilities, Weirdness & Mutations

You regenerate a little health from kills.


Message History

Found 7 stones.
The kobold shouts!
You hear a shout!
An adder comes into view.
A hobgoblin comes into view.
The hobgoblin shouts!
The adder hisses angrily.
The kobold hits you but does no damage.
You freeze the kobold!
You kill the kobold!
The adder bites you.
You are poisoned.
The adder poisons you!
You feel sick. The adder bites you.
You are more poisoned.
The adder poisons you! The adder barely misses you.
The adder attacks as you move away! The adder bites you.
You are lethally poisoned!
The adder poisons you!
You feel very sick.
There is a stone staircase leading up here.
You feel very sick. The adder bites you.
* * * LOW HITPOINT WARNING * * *
The hobgoblin misses you.
You climb upwards.
* * * LOW HITPOINT WARNING * * *
You feel very sick.
There is a stone staircase leading down here.
It was a potion of brilliance.
You feel clever all of a sudden.
* * * LOW HITPOINT WARNING * * *
You feel sick.
The adder bites you but does no damage. x2
The hobgoblin misses you.
It was a potion of haste.
You feel yourself speed up.
* * * LOW HITPOINT WARNING * * *
You feel sick. The adder barely misses you. The hobgoblin barely misses you.
You aren't carrying any scrolls.
You aren't carrying any items that you can evoke.
You hit the adder.
The adder is moderately wounded.
You die...

....(##...######♣.♣ ##'.....
)....###.......#♣.♣ ###(...
##†### #########♣.♣ ##... ##.#
♣.♣ ####.# ##.# #.# #.####
##.##############.# #.# #.
#.............##..# #.###.
#†.##########.##g## ##...#
#.......# #.##@# ##### #..####.##
#.##S#### #######
#..###...####.##....# #......
#.............#####.# #......
#.###.....##.....##.# #.#####
#..............#.##.#######.## #
#####......###.#.............####
##.....# #.###.#.......#.....
#####.###.# ##.######.#.####


You could see an adder and a hobgoblin.

Vanquished Creatures
  2 dart slugs (D:1)
  4 ball pythons (D:1)
  An endoplasm (D:1)
  3 giant cockroaches (D:1)
  A goblin (D:1)
  3 hobgoblins (D:1)
  2 jackals (D:1)
  A bat (D:1)
  2 frilled lizards (D:1)
  7 kobolds
  3 rats (D:1)
29 creatures vanquished.

Notes
Turn   | Place    | Note
-------+----------+-------------------------------------------
     0 | D:1      | GeorgeSoros the Demonspawn Ice Elementalist began the quest
                  | for the Orb.
     0 | D:1      | Reached XP level 1. HP: 13/13 MP: 3/3
   154 | D:1      | Reached skill level 4 in Ice Magic
   237 | D:1      | Gained mutation: You regenerate a little health from kills.
                  | [demonic ancestry]
   237 | D:1      | Reached XP level 2. HP: 18/19 MP: 3/5
   636 | D:1      | Reached XP level 3. HP: 24/24 MP: 4/6
   640 | D:1      | Learned a level 3 spell: Frozen Ramparts
  1088 | D:1      | HP: 1/24 [poisoned by an adder]
  1089 | D:1      | Succumbed to an adder's poison

Illustrated notes

Levels and vault maps discovered:
D:1:      dpeg_arrival_rhombi, layout_loops_ring, dreamdust_princess_corridor
D:2:      layout_loops_ring, uniq_terence

Skill      XL: |  1 |
---------------+----+-----
Ice Magic      | 4 |  4.6
Armour         | |  0.1
Dodging        | |  1.7
Stealth        | |  1.7
Spellcasting   | |  2.0

Action                   || total
-------------------------++-------
Melee: Dagger            ||    13
       Punch             ||     1
 Cast: Freeze            ||    40
  Use: Scroll            ||     6
       Potion            ||     2
 Stab: Sleeping          ||     2
Armor: Robe              ||    10
Dodge: Dodged            ||    30

Table legend: (Time is in decaauts)
 A = Elapsed time spent in this place.
 B = Non-inter-level travel time spent in this place.
 C = Inter-level travel time spent in this place.
 D = Time resting spent in this place.
 E = Time spent auto-exploring this place.
 F = Levels seen in this place.
 G = Mean time per level.
                   A        B        C        D        E       F      G
               +--------+--------+--------+--------+--------+-----+--------+
         Total |   1088 |   1015 |     73 |     23 |    770 |   2 |  544.0 |
       Dungeon |   1088 |   1015 |     73 |     23 |    770 |   2 |  544.0 |
               +--------+--------+--------+--------+--------+-----+--------+

Top non-repeatable levels by time:
     D:1: 1080 daAuts
     D:2: 8 daAuts
